 Dungeon Sprint DCSS version 0.16.1-28-gcc2312f (webtiles) character file.

4427 Kidiri the Thaumaturge (level 10, -2/69 HPs)
             Began as a High Elf Fire Elementalist on May 28, 2015.
             Was the Champion of Vehumet.
             Killed by drain life
             ... invoked by a death knight
              (16 damage)
             ... in the Dungeon (Sprint VII: "The Pits").
             The game lasted 00:33:57 (2798 turns).

Kidiri the Thaumaturge (High Elf Fire Elementalist) Turns: 2798, Time: 00:33:57

Health: -2/69      AC:  7    Str:  7    XL:     10   Next: 14%
Magic:  0/31       EV: 18    Int: 21    God:    Vehumet [******]
Gold:   0          SH:  0    Dex: 21    Spells: 9 memorised, 4 levels left

rFire  . . .     SeeInvis .     q - +2 long sword (holy)
rCold  . . .     Clarity  .     e - +0 leather armour
rNeg   . . .     SustAb   .     (no shield)
rPois  .         Gourm    .     (no helmet)
rElec  .         Spirit   .     (no cloak)
rCorr  .         Warding  .     (no gloves)
rMut   .         NoTele   +     x - +0 pair of boots
MR     +....                    (no amulet)
Stlth  ++++......               v - +3 ring of protection
                                a - +3 ring of dexterity

@: very slightly contaminated, hasted, very quick, somewhat resistant to hostile
enchantments, stealthy
A: no striking features
a: Renounce Religion


You were in the Dungeon.
You worshipped Vehumet.
Vehumet was exalted by your worship.
You were not hungry.

You visited 1 branch

Inventory:

Hand weapons
 j - a +2 falchion
 q - a +2 long sword of holy wrath (weapon)
Armour
 e - a +0 leather armour (worn)
 x - a +0 pair of boots (worn)
Jewellery
 a - a +3 ring of dexterity (left hand)
 v - a +3 ring of protection (right hand)
Magical devices
 s - a wand of random effects (33)
Scrolls
 n - 2 scrolls of remove curse
 o - 5 scrolls of amnesia
 p - a scroll of summoning
Potions
 h - 4 potions of berserk rage
 i - a potion of cure mutation
 m - 2 potions of invisibility
 t - a potion of restore abilities {unknown}
 u - a potion of agility
 w - a potion of brilliance
Books
 b - a book of Flames

   Spells                             Type                      Level
   a - Flame Tongue                   Conjuration/Fire             1
   b - Throw Flame                    Conjuration/Fire             2
   c - Conjure Flame                  Conjuration/Fire             3
   d - Inner Flame                    Hexes/Fire                   3
   e - Sticky Flame                   Conjuration/Fire             4
   f - Fireball                       Conjuration/Fire             5
Comestibles
 c - 8 bread rations
 k - 40 fruits
 l - 5 meat rations


   Skills:
 + Level 6.8 Fighting
 + Level 8.1 Long Blades
 + Level 8.0 Dodging
 + Level 8.5 Stealth
 * Level 11.4 Spellcasting
 * Level 10.9 Conjurations
 + Level 5.3 Hexes
 * Level 10.4 Fire Magic
 + Level 6.5 Air Magic
 + Level 4.5 Poison Magic


You had 4 spell levels left.
You knew the following spells:

 Your Spells              Type           Power        Failure   Level  Hunger
a - Flame Tongue          Conj/Fire      #####        1%          1    None
b - Throw Flame           Conj/Fire      ######       1%          2    None
c - Conjure Flame         Conj/Fire      ######..     1%          3    None
d - Searing Ray           Conj           ######       1%          2    None
e - Mephitic Cloud        Conj/Pois/Air  #####...     1%          3    None
f - Inner Flame           Hex/Fire       #####...     1%          3    None
g - Sticky Flame          Conj/Fire      ######..     1%          4    #......
h - Fireball              Conj/Fire      ######....   1%          5    ####...
i - Airstrike             Air            #####.....   2%          4    #......


Dungeon Overview and Level Annotations

Branches:
Dungeon (1/1)

Altars:
Ashenzari
Cheibriados
Dithmenos
Elyvilon
Fedhas
Gozag
Kikubaaqudgha
Makhleb
Nemelex Xobeh
Okawaru
Qazlal
Ru
Sif Muna
Trog
Vehumet
Xom
Yredelemnul
Zin
The Shining One
Beogh
Jiyva
Lugonu

Annotations:
D Urug


Message History

You don't have enough magic to cast that spell.
New annotation for D (include '!' for warning):
Okay, then.
Unknown command.
Casting: Airstrike
Confirm with . or Enter, or press ? or * to list all spells.
Okay, then.
Unknown command.
Casting: Airstrike
Confirm with . or Enter, or press ? or * to list all spells.
Aiming: Throw Flame
Press: ? - help, Shift-Dir - straight line, f/p - death knight
Aim: a death knight, wielding an enchanted battleaxe and wearing a chain mail (almost dead)
The puff of flame hits the death knight.
The death knight is almost dead.
The death knight offers itself to Yredelemnul, and fills with unholy energy.
Drink which item? (? for menu, Esc to quit)
You feel as though your hastened speed will last longer.
The death knight draws from the surrounding life force!
You die...

############
#__________#
#__________#
#.#####'##############++
#_#)))'.'..##...........
#_#)).#.#?(##......#..#.
#######'#####...........
#......@..)p')..........
#'#####'#####......#..#.
#.#..#.....##...........
#.#))#####'#####'#####''
#.#))#.....##.......##++
#)#.)#.....##.......##..
#)#[[###)####.......##..
#)##)#.....##...<...###.
#.#........##.......# ##


You could see a death knight.

Vanquished Creatures
  An unseen horror (D)
  A hill giant (D)
  An eye of devastation (D)
  A black mamba (D)
  A gargoyle (D)
  Sonja (D)
  A redback (D)
  A spriggan (D)
  2 wyverns (D)
  A chaos spawn (D)
  2 wraiths (D)
  6 wolves (D)
  2 phantoms (D)
  Duvessa (D)
  A big kobold (D)
  Dowan (D)
  A crimson imp (D)
  2 gnoll shamans (D)
  A jelly (D)
  2 adders (D)
  6 gnolls (D)
  2 giant mites (D)
  A white imp (D)
  A giant gecko (D)
  4 orcs (D)
  A ball python (D)
  A bat zombie (D)
  A giant cockroach (D)
  2 quokkas (D)
  A bat (D)
  3 rats (D)
53 creatures vanquished.

Notes
Turn   | Place    | Note
--------------------------------------------------------------
     0 | D        | Kidiri, the High Elf Fire Elementalist, began the quest for the Orb.
     0 | D        | Reached XP level 1. HP: 11/11 MP: 4/4
    27 | D        | Found a sacrificial altar of Ru.
    27 | D        | Found a basalt altar of Yredelemnul.
    27 | D        | Found a shadowy altar of Dithmenos.
    27 | D        | Found a deep blue altar of Sif Muna.
    27 | D        | Found a burning altar of Makhleb.
    27 | D        | Found a shimmering altar of Xom.
    27 | D        | Found an ancient bone altar of Kikubaaqudgha.
    27 | D        | Found a sparkling altar of Nemelex Xobeh.
    28 | D        | Found a glowing golden altar of the Shining One.
    28 | D        | Found a bloodstained altar of Trog.
    28 | D        | Found a shattered altar of Ashenzari.
    28 | D        | Found a white marble altar of Elyvilon.
    28 | D        | Found a snail-covered altar of Cheibriados.
    28 | D        | Found a blossoming altar of Fedhas.
    28 | D        | Found a radiant altar of Vehumet.
    28 | D        | Found a glowing silver altar of Zin.
    28 | D        | Found a corrupted altar of Lugonu.
    28 | D        | Found a viscous altar of Jiyva.
    28 | D        | Found a roughly hewn altar of Beogh.
    28 | D        | Found an iron altar of Okawaru.
    34 | D        | Found a stormy altar of Qazlal.
    34 | D        | Found an opulent altar of Gozag.
    36 | D        | Became a worshipper of Vehumet
    70 | D        | Reached skill level 1 in Fighting
    74 | D        | Reached XP level 2. HP: 16/18 MP: 5/7
    78 | D        | Learned a level 2 spell: Throw Flame
    93 | D        | Acquired Vehumet's first power
    93 | D        | Offered knowledge of Freeze by Vehumet.
   146 | D        | Reached skill level 1 in Long Blades
   423 | D        | Offered knowledge of Searing Ray by Vehumet.
   426 | D        | Reached skill level 4 in Spellcasting
   427 | D        | Acquired Vehumet's second power
   427 | D        | Reached XP level 3. HP: 14/23 MP: 9/11
   432 | D        | Learned a level 3 spell: Conjure Flame
   435 | D        | Learned a level 2 spell: Searing Ray
   552 | D        | Noticed a big kobold
   556 | D        | Noticed a gnoll shaman
   557 | D        | Offered knowledge of Mephitic Cloud by Vehumet.
   597 | D        | Killed a big kobold
   597 | D        | Reached skill level 5 in Spellcasting
   597 | D        | Reached skill level 5 in Fire Magic
   597 | D        | Reached XP level 4. HP: 28/30 MP: 2/16
   653 | D        | Acquired Vehumet's third power
   658 | D        | Learned a level 3 spell: Mephitic Cloud
   662 | D        | Learned a level 3 spell: Inner Flame
   773 | D        | Killed a gnoll shaman
   773 | D        | Offered knowledge of Iskenderun's Mystic Blast by Vehumet.
   773 | D        | Reached skill level 5 in Conjurations
   773 | D        | Reached XP level 5. HP: 34/36 MP: 11/18
   778 | D        | Reached skill level 6 in Spellcasting
   912 | D        | Noticed Dowan
   913 | D        | Noticed Duvessa
   924 | D        | Killed Dowan
   924 | D        | Offered knowledge of Fulminant Prism by Vehumet.
   941 | D        | Killed Duvessa
   941 | D        | Reached skill level 5 in Stealth
   941 | D        | Reached skill level 7 in Spellcasting
   941 | D        | Reached XP level 6. HP: 38/43 MP: 4/22
   947 | D        | Learned a level 4 spell: Sticky Flame
  1026 | D        | Noticed a gnoll shaman
  1031 | D        | Killed a gnoll shaman
  1031 | D        | Reached skill level 5 in Dodging
  1094 | D        | Noticed a jelly
  1096 | D        | Killed a jelly
  1096 | D        | Offered knowledge of Poison Arrow by Vehumet.
  1208 | D        | Noticed a phantom
  1208 | D        | Noticed a phantom
  1220 | D        | Killed a phantom
  1220 | D        | Reached skill level 5 in Long Blades
  1220 | D        | Reached skill level 1 in Hexes
  1220 | D        | Reached skill level 1 in Air Magic
  1220 | D        | Reached skill level 1 in Poison Magic
  1223 | D        | Killed a phantom
  1223 | D        | Reached XP level 7. HP: 25/49 MP: 11/24
  1375 | D        | Noticed a gargoyle
  1375 | D        | Noticed a wyvern
  1380 | D        | Killed a wyvern
  1380 | D        | Reached skill level 8 in Spellcasting
  1457 | D        | Killed a gargoyle
  1457 | D        | Reached skill level 5 in Fighting
  1464 | D        | Learned a level 5 spell: Fireball
  1592 | D        | Noticed a spriggan
  1592 | D        | Noticed a wraith
  1601 | D        | Killed a spriggan
  1601 | D        | Reached skill level 9 in Spellcasting
  1601 | D        | Reached XP level 8. HP: 37/55 MP: 17/27
  1620 | D        | Killed a wraith
  1805 | D        | Noticed Sonja
  1805 | D        | Noticed a hill giant
  1805 | D        | Noticed a black mamba
  1811 | D        | Killed a hill giant
  1811 | D        | Offered knowledge of Airstrike by Vehumet.
  1815 | D        | Killed Sonja
  1819 | D        | Killed a black mamba
  1819 | D        | Reached skill level 10 in Spellcasting
  1819 | D        | Reached skill level 5 in Air Magic
  1819 | D        | Reached XP level 9. HP: 40/62 MP: 10/29
  1914 | D        | Learned a level 4 spell: Airstrike
  1920 | D        | Noticed a wraith
  1920 | D        | Noticed a wolf
  1920 | D        | Noticed a wolf
  1920 | D        | Noticed a wolf
  1920 | D        | Noticed a wolf
  1920 | D        | Noticed a wolf
  1920 | D        | Noticed a wolf
  1927 | D        | Killed a wolf
  1927 | D        | Killed a wolf
  1927 | D        | Killed a wolf
  1927 | D        | Killed a wolf
  1927 | D        | Reached skill level 10 in Conjurations
  1927 | D        | Killed a wolf
  1927 | D        | Killed a wolf
  1927 | D        | Offered knowledge of Venom Bolt by Vehumet.
  1939 | D        | Killed a wraith
  2283 | D        | Killed an unseen horror
  2283 | D        | Reached skill level 11 in Spellcasting
  2283 | D        | Reached skill level 10 in Fire Magic
  2369 | D        | Noticed a crimson imp
  2369 | D        | Noticed a redback
  2376 | D        | Killed a crimson imp
  2376 | D        | Reached skill level 5 in Hexes
  2377 | D        | Killed a redback
  2408 | D        | Noticed an eye of devastation
  2408 | D        | Noticed a wyvern
  2410 | D        | Noticed Urug
  2410 | D        | Noticed a kobold demonologist
  2410 | D        | Killed a wyvern
  2410 | D        | Offered knowledge of Bolt of Fire by Vehumet.
  2410 | D        | Reached XP level 10. HP: 69/69 MP: 22/31
  2418 | D        | Noticed a chaos spawn
  2419 | D        | Noticed a death knight
  2420 | D        | Killed an eye of devastation
  2428 | D        | Killed a chaos spawn
  2798 | D        | Killed from afar by a death knight

Action                   |  1- 3 |  4- 6 |  7- 9 | 10-12 || total
-------------------------+-------+-------+-------+-------++-------
Melee: Falchion          |    14 |       |       |       ||    14
       Unarmed           |     1 |       |       |       ||     1
       Long sword        |     5 |     6 |    17 |     3 ||    31
 Cast: Flame Tongue      |    20 |    26 |    23 |     5 ||    74
       Conjure Flame     |     4 |    10 |    30 |     3 ||    47
       Searing Ray       |     2 |     1 |     4 |     1 ||     8
       Mephitic Cloud    |       |     3 |     5 |     3 ||    11
       Throw Flame       |       |     3 |     3 |     1 ||     7
       Sticky Flame      |       |     2 |     7 |     2 ||    11
       Fireball          |       |       |     6 |     4 ||    10
       Inner Flame       |       |       |     2 |       ||     2
       Airstrike         |       |       |       |     4 ||     4
  Use: Potion            |     3 |     1 |    12 |     7 ||    23
       Scroll            |       |     2 |       |       ||     2
 Stab: Sleeping          |     1 |       |       |       ||     1
  Eat: Meat ration       |       |     1 |     1 |       ||     2
